Map: Ruins of Seras

Players

CrazyBread

  • Race: Terran Terran
  • League: Gold

무사 - Winner!

  • Race: Protoss Protoss
  • League: Platinum

VOD

Have the link to the VOD?

Description

How can I improve my scouting to prevent crap like this from happening? I didn't see his tech so I didn't know what to prepare for.

Time

  • Played on: Oct. 28, 2015, 12:26 a.m.
  • Length: 5:34
Show
View Real Time Build Order
Export as new Build Order

CrazyBread Terran 

Build Orders: Reaper Expand 

Get SALT Encoding   

  12  0:02  SCV  
  13  0:14  SCV  
  14  0:19  Supply Depot  
  14  0:26  SCV  
  15  0:40  SCV  
  16  0:43  Barracks  
  16  0:46  Refinery  
  16  0:53  SCV  
  17  1:05  SCV  
  18  1:18  SCV  
  19  1:30  Reaper  
  20  1:37  Orbital Command  
  20  1:55  Command Center  
  21  2:08  SCV  
  21  2:11  Barracks Reactor  
  21  2:15  Barracks  
  21  2:22  SCV  
  22  2:26  Supply Depot  
  22  2:34  SCV  
  23  2:47  SCV, Refinery  
  23  2:50  Barracks  
  24  2:57  Supply Depot  
  24  2:59  SCV  
  24  3:03  Marine x2  
  24  3:05  Barracks Tech Lab  
  27  3:11  SCV  
  29  3:21  Marine x2  
  29  3:23  Factory  
  29  3:25  Marine  
  30  3:38  Marine  
  30  3:39  Marine x2  
  33  3:45  Bunker  
  33  3:47  Orbital Command  
  33  3:58  SCV  
  34  4:15  SCV, Barracks Tech Lab, Marine  
  34  4:16  Marine x2  
  38  4:22  Engineering Bay  
  38  4:28  SCV  
  39  4:33  Marine  
  39  4:36  Marine x3  
  43  4:40  SCV  
  43  4:43  SCV  
  45  4:52  SCV, Missile Turret  
  46  4:58  SCV  
  47  5:00  Missile Turret  
  47  5:04  Missile Turret  
  47  5:05  SCV  
  48  5:11  SCV  
  49  5:17  SCV  
Show
View Real Time Build Order
Export as new Build Order

무사 Protoss - Winner!

Build Orders: Blink Stalkers 

Get SALT Encoding   

  12  0:01  Probe (Chrono Boost)  
  13  0:12  Probe (Chrono Boost)  
  14  0:25  Pylon  
  14  0:26  Probe (Chrono Boost)  
  15  0:43  Probe (Chrono Boost)  
  15  0:44  Gateway  
  16  0:53  Probe (Chrono Boost)  
  17  1:03  Assimilator  
  18  1:04  Probe (Chrono Boost)  
  18  1:08  Assimilator  
  18  1:14  Probe (Chrono Boost)  
  18  1:16  Pylon  
  19  1:25  Probe (Chrono Boost)  
  20  1:34  Cybernetics Core  
  20  1:36  Probe (Chrono Boost)  
  21  1:46  Probe (Chrono Boost)  
  22  1:57  Probe (Chrono Boost)  
  23  2:07  Probe (Chrono Boost)  
  24  2:11  Stalker (Chrono Boost)  
  24  2:13  Warp Gate (Chrono Boost)  
  26  2:16  Pylon  
  26  2:24  Mothership Core (Chrono Boost)  
  28  2:40  Twilight Council  
  28  2:54  Pylon  
  28  2:55  Probe  
  29  3:07  Probe  
  30  3:16  Gateway  
  30  3:18  Gateway  
  30  3:20  Blink (Chrono Boost)  
  30  3:31  Stalker  
  32  3:40  Gateway  
  32  3:57  Pylon  
  32  3:59  Pylon  
  32  4:18  Stalker  
  34  4:32  Stalker x2  
  38  4:39  Stalker  
  38  4:42  Stalker  
  42  4:56  Stalker x2  
  46  5:04  Stalker  
  48  5:07  Stalker  
  49  5:22  Stalker x2  
Tags
 
Add a new tag
Caveats
  • Supply blocks, unpowered buildings, or Contaminate may cause inaccurate times.
  • Supply counts are checked every 10 seconds.